 Dungeon Crawl Stone Soup version 0.28.0 (webtiles) character file.

Game seed: 4759528413122006131

336 dwildstr the Covered (level 6, -1/55 HPs)
             Began as a Minotaur Fighter on Feb 15, 2022.
             Was a Follower of Uskayaw.
             Slain by a centaur (4 damage)
             ... on level 4 of the Dungeon.
             The game lasted 00:24:31 (1777 turns).

dwildstr the Covered (Minotaur Fighter)             Turns: 1777, Time: 00:24:32

Health: -1/55      AC: 10    Str: 23    XL:     6   Next: 28%
Magic:  5/5        EV:  8    Int:  9    God:    Uskayaw [*.....]
Gold:   215        SH:  5    Dex: 12    Spells: 5/5 levels left

rFire   . . .      SeeInvis .   t - +5 short sword of Fury {drain, rCorr Str+3 Int+4}
rCold   . . .      Faith    .   c - +0 buckler
rNeg    . . .      Spirit   .   r - +0 chain mail
rPois   .          Reflect  .   (helmet restricted)
rElec   .          Harm     .   (no cloak)
rCorr   +          Rampage  .   (no gloves)
Will    .....                   (no boots)
Stlth   ..........              (no amulet)
HPRegen 0.18/turn               (no ring)
MPRegen 0.09/turn               (no ring)

@: no status effects
A: horns 2, retaliatory headbutt
a: Renounce Religion, Stomp


You were on level 4 of the Dungeon.
You worshipped Uskayaw.
Uskayaw was noncommittal.
You visited 1 branch of the dungeon, and saw 4 of its levels.

You collected 215 gold pieces.

Inventory:

Hand Weapons
 a - a +0 long sword
 g - a +0 short sword
 h - a +0 dagger
 i - a +0 spear
 j - a +0 whip
 l - a +0 dagger
 n - a +4 mace
 o - a +0 dagger
 p - a +0 club
 s - a +5 short sword
 t - the +5 short sword of Fury (weapon) {drain, rCorr Str+3 Int+4}
   (You found it on level 2 of the Dungeon)

   A truly terrible weapon, it drains the life of any living foe it strikes.
   Str:       It affects your strength (+3).
   Int:       It affects your intelligence (+4).
   rCorr:     It protects you from acid and corrosion.
 w - the +7 dagger "Qaudghuiz" {vorpal, rElec rPois rF- rC+}
   (You found it on level 2 of the Dungeon)

   It inflicts extra damage upon your enemies.
   rF:        It makes you vulnerable to fire.
   rC:        It protects you from cold.
   rElec:     It insulates you from electricity.
   rPois:     It protects you from poison.
 y - a +0 club
 z - a +0 dagger
 A - a +0 club
 D - a +0 dagger
 G - a +0 spear
 I - a +0 dagger
 J - a +0 dagger
 K - a +0 hand axe
 L - a +0 hand axe
 O - a +0 dagger of holy wrath
 S - a +0 dagger
Missiles
 k - 6 stones (quivered)
 m - 18 bolts
 x - 16 arrows
Armour
 b - a +0 scale mail
 c - a +0 buckler (worn)
 f - a +0 ring mail
 r - a +0 chain mail (worn)
 v - a +0 leather armour
 B - a +0 robe
 C - a +0 chain mail
 E - a +0 leather armour
 F - a +0 leather armour
 M - a +0 robe
 N - a +0 scale mail
 R - a +0 chain mail
Scrolls
 e - a scroll of fear {unknown}
 q - a scroll of enchant weapon {unknown}
 u - 2 scrolls of identify
 H - a scroll of amnesia {unknown}
 Q - a scroll of immolation
Potions
 d - a potion of might


   Skills:
 + Level 4.8 Fighting
 + Level 2.6(3.1) Short Blades
 + Level 2.8(3.4) Long Blades
 + Level 2.0 Maces & Flails
 + Level 5.8 Armour
 + Level 1.0 Dodging
 + Level 0.5 Stealth
 + Level 4.4 Shields


You had 5 spell levels left.
You didn't know any spells.
Your spell library was empty.

Dungeon Overview and Level Annotations

Branches:
Dungeon (4/15)
 Temple: D:4-7

Altars:
Makhleb
Uskayaw
Zin


Innate Abilities, Weirdness & Mutations

You have a pair of horns on your head.
You reflexively headbutt those who attack you in melee.


Message History

You closely miss the adder. The adder bites you.
You are poisoned.
The adder poisons you!
You puncture the adder!
You kill the adder!
You feel sick.
The centaur shoots an arrow.
The arrow hits you!
* * * LOW HITPOINT WARNING * * *
Uskayaw will force your foes to helplessly watch your dance.
Uskayaw prepares the audience for your solo!
The helpless quokka skeleton fails to defend itself.
You puncture the quokka skeleton!
You destroy the quokka skeleton!
You feel sick.
The centaur is no longer paralysed.
The centaur shoots an arrow.
The arrow hits you.
* * * LOW HITPOINT WARNING * * *
The centaur shoots an arrow.
The arrow hits you.
* * * LOW HITPOINT WARNING * * *
* * * LOW HITPOINT WARNING * * *
You feel sick.
The centaur shoots an arrow.
You block the arrow.
You feel better.
The centaur shoots an arrow.
The arrow hits you!
* * * LOW HITPOINT WARNING * * *
The centaur shoots an arrow.
The arrow barely misses you.
The centaur shoots an arrow.
You block the arrow.
The centaur shoots an arrow.
The arrow barely misses you.
You can no longer pass through a line of other dancers.
The centaur shoots an arrow.
The arrow hits you.
* * * LOW HITPOINT WARNING * * *
The centaur shoots an arrow.
The arrow hits you but does no damage.
The centaur unwields a +0 shortbow.
The centaur hits you but does no damage.
You block the centaur's attack.
You hit the centaur. You drain the centaur.
The centaur is heavily wounded.
You block the centaur's attack. The centaur barely misses you.
The endoplasm hits you but does no damage.
You closely miss the centaur.
The centaur is heavily wounded.
The centaur completely misses you. The centaur closely misses you.
The centaur hits you.
You die...

...##...........# J
...............#..# ....#.
#.#..#.......#....#
..#.#.##...........$..#..#.
...........##.....###..=...
.......#...##..##.###......
..........#....##..........
................#J.###..##.
................@c.# #
.......<........##.#
................##.#
................##..
..........#......##..
........#.#####.......
........#.# #........
........#.. ##........
........###. #.#.


You could see a centaur (drained) and an endoplasm.

Vanquished Creatures
  A necrophage (D:4)
  A howler monkey (D:3)
  An orc priest (D:3)
  A hound (D:4)
  Jessica (D:2)
  An orc wizard (D:3)
  3 adders
  An adder skeleton (D:3)
  3 worms
  2 dart slugs
  2 orcs (D:3)
  3 ball pythons
  6 bats
  6 endoplasms
  5 giant cockroaches
  6 goblins
  4 hobgoblins
  A quokka (D:3)
  2 frilled lizards (D:3)
  4 kobolds
  A quokka skeleton (D:4)
  4 rats
59 creatures vanquished.

Vanquished Creatures (others)
  3 plants (D:2)
3 creatures vanquished.

Grand Total: 62 creatures vanquished

Notes
Turn   | Place    | Note
-------+----------+-------------------------------------------
     0 | D:1      | dwildstr the Minotaur Fighter began the quest for the Orb.
     0 | D:1      | Reached XP level 1. HP: 19/19 MP: 0/0
   276 | D:1      | Reached XP level 2. HP: 27/27 MP: 1/1
   662 | D:2      | Reached skill level 4 in Armour
   672 | D:2      | Reached XP level 3. HP: 26/33 MP: 2/2
   690 | D:2      | Identified the +5 short sword of Fury {drain, rCorr Str+3
                  | Int+4}
   832 | D:2      | Identified the +7 dagger "Qaudghuiz" {vorpal, rElec rPois
                  | rF- rC+}
  1120 | D:2      | Noticed Jessica
  1124 | D:2      | Killed Jessica
  1125 | D:2      | Reached XP level 4. HP: 32/41 MP: 3/3
  1217 | D:3      | Noticed a +0 dagger
  1217 | D:3      | Noticed a +0 hand axe
  1221 | D:3      | Found a hide-covered altar of Uskayaw.
  1227 | D:3      | Reached skill level 1 in Maces & Flails
  1255 | D:3      | Became a worshipper of Uskayaw the Reveller
  1284 | D:3      | Reached * piety under Uskayaw
  1371 | D:3      | Found a burning altar of Makhleb.
  1378 | D:3      | Noticed a blizzard demon
  1380 | D:3      | Found a glowing silver altar of Zin.
  1381 | D:3      | Noticed an angel
  1430 | D:3      | Reached ** piety under Uskayaw
  1432 | D:3      | Reached *** piety under Uskayaw
  1433 | D:3      | Reached skill level 5 in Armour
  1433 | D:3      | Reached **** piety under Uskayaw
  1436 | D:3      | Reached skill level 1 in Short Blades
  1436 | D:3      | Reached XP level 5. HP: 31/47 MP: 4/4
  1505 | D:3      | Found a faded altar of an unknown god.
  1709 | D:4      | Noticed a necrophage
  1716 | D:4      | Killed a necrophage
  1717 | D:4      | Reached skill level 1 in Dodging
  1717 | D:4      | Reached XP level 6. HP: 53/53 MP: 5/5
  1761 | D:4      | HP: 2/55 [centaur/arrow (5)]
  1771 | D:4      | HP: 2/55 [centaur/arrow (1)]
  1777 | D:4      | Slain by a centaur

Illustrated notes

Levels and vault maps discovered:
D:1:      minmay_arrival_three_doors, layout_basic
D:2:      cheibrodos_old_hovel, layout_basic, uniq_jessica,
          uniq_crazy_yiuf_cottage
D:3:      layout_basic, grunt_temple_overflow_order_and_chaos_2,
          dancing_weapons_uskayaw, hellmonk_ecumenical_altar_blasted,
          chequers_serial_rivers_micro_a
D:4:      layout_rooms, uniq_sigmund

Skill      XL: |  1  2  3  4  5 |
---------------+----------------+-----
Fighting       | 4 |  4.8
Armour         | 4 5 |  5.8
Shields        | 4 |  4.4
Maces & Flails | 1 2 |  2.0
Short Blades   | 1 2 |  2.6
Dodging        | 1 |  1.0
Long Blades    | |  2.8
Stealth        | |  0.5

Action                   |  1- 3 |  4- 6 || total
-------------------------+-------+-------++-------
Melee: Long sword        |    15 |       ||    15
       Headbutt          |     7 |     9 ||    16
       Mace              |    25 |       ||    25
       Short sword       |    17 |    56 ||    73
  Use: Scroll            |       |     1 ||     1
       Potion            |       |     1 ||     1
 Stab: Paralysed         |       |     2 ||     2
Armor: Scale mail        |    13 |       ||    13
       Chain mail        |    10 |    25 ||    35
Dodge: Dodged            |    25 |    15 ||    40
Block: Buckler           |    13 |    17 ||    30
